 Dungeon Sprint DCSS version 0.21.1-1-g345015f (webtiles) character file.

17252 Fang the Severer (level 12, -20/136 HPs)
             Began as a Gargoyle Berserker on June 28, 2018.
             Was the Champion of Trog.
             Killed from afar by an orb of fire (52 damage)
             ... with a bolt of fire
             ... in the Dungeon (Sprint VII: "The Pits").
             The game lasted 00:08:51 (3048 turns).

Fang the Severer (Gargoyle Berserker)               Turns: 3048, Time: 00:08:51

Health: -20/136    AC: 23    Str: 32    XL:     12   Next: 46%
Magic:  4/4        EV: 13    Int: 12    God:    Trog [******]
Gold:   8          SH:  0    Dex:  9    Spells: 11/11 levels left

rFire    . . .     SeeInvis .   p - +5 executioner's axe (antimagic)
rCold    . . .     Gourm    .   (shield currently unavailable)
rNeg     + . .     Faith    .   v - +4 chain mail
rPois    ∞         Spirit   .   m - +2 hat {MR+}
rElec    +         Reflect  .   (no cloak)
rCorr    .         Harm     .   (no gloves)
MR       .....     NoTele   +   (no boots)
Stlth    ..........             (no amulet)
HPRegen  0.32/turn              B - ring of Juver {rPois MR- Str+2 Stlth+}
MPRegen  0.09/turn              t - +3 ring of intelligence

@: berserking, studying Fighting, very quick
A: deformed body, negative energy resistance 1, electricity resistance,
unbreathing, petrification resistance, rot immunity, AC +8
a: Berserk, Trog's Hand, Brothers in Arms, Burn Spellbooks, Renounce Religion


You were in the Dungeon.
You worshipped Trog.
Trog was exalted by your worship.
You were very hungry.

You visited 1 branch You collected 8 gold pieces.

Inventory:

Hand Weapons
 b - a +3 executioner's axe of chopping
 j - a +2 hand axe of draining
 p - a +5 antimagic executioner's axe (weapon)
 u - a +1 broad axe of freezing
Armour
 m - a +2 hat of magic resistance (worn)
 v - a +4 chain mail (worn)
Jewellery
 t - a +3 ring of intelligence (right hand)
 B - the ring of Juver (left hand) {rPois MR- Str+2 Stlth+}
   (You found it in the Dungeon)

   [ring of stealth]

   It affects your strength (+2).
   It protects you from poison.
   It affects your resistance to hostile enchantments.
   It makes you more stealthy.
Wands
 z - a wand of acid (11)
Scrolls
 i - 4 scrolls of blinking
 k - 3 scrolls of remove curse
 l - a scroll of summoning
 n - 2 scrolls of fog
 w - 8 scrolls of enchant weapon
 A - a scroll of identify
 D - 3 scrolls of enchant armour
Potions
 a - 2 potions of invisibility
 d - 10 potions of curing
 e - 10 potions of heal wounds
 f - 2 potions of haste
 g - 4 potions of magic
 h - 5 potions of berserk rage
 q - a potion of might
 r - a potion of agility
 s - a potion of resistance
 x - 2 potions of brilliance
Books
 y - a manual of Fighting
Comestibles
 c - 7 rations
 o - 13 chunks of flesh


   Skills:
 + Level 17.5 Fighting
 + Level 19.5 Axes
 + Level 12.3 Armour
 + Level 9.1 Dodging
 + Level 4.4 Stealth


You had 11 spell levels left.
You didn't know any spells.

Dungeon Overview and Level Annotations

Branches:
Dungeon (1/1)

Altars:
Ashenzari
Cheibriados
Dithmenos
Elyvilon
Fedhas
Gozag
Hepliaklqana
Kikubaaqudgha
Makhleb
Nemelex Xobeh
Okawaru
Qazlal
Ru
Sif Muna
Trog
Uskayaw
Vehumet
Wu Jian
Xom
Yredelemnul
Zin
The Shining One
Beogh
Jiyva
Lugonu


Innate Abilities, Weirdness & Mutations

You are resistant to torment.
Your stone body is resilient. (AC +8)
You are immune to poison.
You resist negative energy. (rN+)
You are resistant to electric shocks. (rElec)
You can survive without breathing.
You are immune to petrification.
You are immune to rotting.
Armour fits poorly on your strangely shaped body.


Message History

Ouch! That really hurt!
There is a large open door to the Hallway of Sentries (Extremely Hard) here.
A red film seems to cover your vision as you go berserk!
You feel yourself moving faster!
You feel mighty!
You are feeling very hungry.
Unknown command.
You are too injured to fight recklessly!
Unknown command.
You are too injured to fight recklessly!
Unknown command.
You are too injured to fight recklessly!
You closely miss the orb of fire.
The orb of fire glows red.
The bolt of fire hits you!
* * * LOW HITPOINT WARNING * * *
Unknown command.
You miss the orb of fire.
The orb of fire glows bright magenta.
The bolt of fire hits you!
You die...

#+# #.# #*#
################@#
...)[............#
....).........÷..#
+##############..#
#..# #..# #..#
#..# #..#


You could see an orb of fire.

Vanquished Creatures
  Gastronok (D)
  2 minotaurs (D)
  An ogre mage (D)
  5 two-headed ogres (D)
  A vampire mage (D)
  A shadow wraith (D)
  A deep troll (D)
  A swamp dragon (D)
  A deep elf mage (D)
  2 black mambas (D)
  A gargoyle (D)
  A kobold demonologist (D)
  An efreet (D)
  A tyrant leech (D)
  A jumping spider (D)
  2 trolls (D)
  4 dream sheep (D)
  A shadow (D)
  A redback (D)
  A wraith (D)
  A fire bat (D)
  An air elemental (D)
  3 yaks (D)
  A hungry ghost (D)
  A basilisk (D)
  An orc warrior (D)
  2 necrophages (D)
  A crocodile (D)
  A centaur (D)
  A small abomination (D)
  A bullfrog (D)
  A gnoll sergeant (D)
  2 hounds (D)
  3 orc priests (D)
  An iguana (D)
  Ijyb (D)
  A worker ant (D)
  5 gnolls (D)
  A river rat (D)
  An ufetubus (D)
  An ooze (D)
  A worm (D)
  A leopard gecko (D)
  2 orcs (D)
  A goblin (D)
  A quokka (D)
  2 ball pythons (D)
  2 frilled lizards (D)
  2 kobolds (D)
  2 rats (D)
75 creatures vanquished.

Vanquished Creatures (collateral kills)
  A hydra (D)
  2 two-headed ogres (D)
  2 deep trolls (D)
  A demonic crawler (D)
  3 kobold demonologists (D)
  A merfolk (D)
  A shadow (D)
  A small abomination (D)
  A water moccasin (D)
  A swamp drake (D)
  A necrophage (D)
  An ogre (D)
  A big kobold (D)
  An adder (D)
  A giant cockroach (D)
  3 kobolds (D)
22 creatures vanquished.

Grand Total: 97 creatures vanquished

Notes
Turn   | Place    | Note
-------+----------+-------------------------------------------
     0 | D        | Fang the Gargoyle Berserker began the quest for the Orb.
     0 | D        | Reached XP level 1. HP: 14/14 MP: 1/1
    16 | D        | Reached skill level 3 in Axes
    77 | D        | Found a bloodstained altar of Trog.
    77 | D        | Found a deep blue altar of Sif Muna.
    77 | D        | Found a viscous altar of Jiyva.
    77 | D        | Found a hazy altar of Hepliaklqana.
    77 | D        | Found an opulent altar of Gozag.
    78 | D        | Found a glowing golden altar of the Shining One.
    78 | D        | Found a glowing silver altar of Zin.
    78 | D        | Found a basalt altar of Yredelemnul.
    78 | D        | Found a shimmering altar of Xom.
    78 | D        | Found an ornate altar of the Wu Jian Council.
    78 | D        | Found a sacrificial altar of Ru.
    78 | D        | Found a stormy altar of Qazlal.
    78 | D        | Found an iron altar of Okawaru.
    78 | D        | Found a sparkling altar of Nemelex Xobeh.
    78 | D        | Found a burning altar of Makhleb.
    78 | D        | Found a blossoming altar of Fedhas.
    78 | D        | Found a white marble altar of Elyvilon.
    78 | D        | Found a shadowy altar of Dithmenos.
    78 | D        | Found a snail-covered altar of Cheibriados.
    80 | D        | Found a radiant altar of Vehumet.
    80 | D        | Found a corrupted altar of Lugonu.
    80 | D        | Found a roughly hewn altar of Beogh.
   122 | D        | Reached ** piety under Trog
   134 | D        | Reached XP level 2. HP: 3/20 MP: 2/2
   422 | D        | Reached *** piety under Trog
   423 | D        | Reached skill level 5 in Fighting
   423 | D        | Reached skill level 4 in Axes
   423 | D        | Reached XP level 3. HP: 26/26 MP: 3/3
   622 | D        | Noticed a centaur
   634 | D        | Reached **** piety under Trog
   634 | D        | Reached skill level 5 in Axes
   634 | D        | Reached XP level 4. HP: 16/32 MP: 4/4
   636 | D        | Killed a centaur
   636 | D        | Reached skill level 6 in Axes
   636 | D        | Reached XP level 5. HP: 20/38 MP: 5/5
   637 | D        | Noticed a necrophage
   654 | D        | Killed a necrophage
   654 | D        | Reached skill level 7 in Axes
   654 | D        | Reached XP level 6. HP: 9/45 MP: 6/6
   904 | D        | Reached ***** piety under Trog
   945 | D        | Noticed a kobold demonologist
   951 | D        | Killed a kobold demonologist
   951 | D        | Reached skill level 10 in Fighting
   951 | D        | Reached skill level 9 in Axes
   951 | D        | Reached skill level 5 in Armour
   951 | D        | Reached skill level 5 in Dodging
   951 | D        | Reached XP level 7. HP: 52/52 MP: 7/7
   997 | D        | Noticed Ijyb
  1000 | D        | Killed Ijyb
  1005 | D        | Reached skill level 10 in Axes
  1051 | D        | Noticed a deep elf mage
  1051 | D        | Noticed a shadow
  1056 | D        | Killed a shadow
  1056 | D        | Reached XP level 8. HP: 60/60 MP: 8/8
  1057 | D        | Killed a deep elf mage
  1057 | D        | Received a gift from Trog
  1057 | D        | Reached skill level 11 in Axes
  1195 | D        | Found a hide-covered altar of Uskayaw.
  1195 | D        | Found an ancient bone altar of Kikubaaqudgha.
  1195 | D        | Found a shattered altar of Ashenzari.
  1223 | D        | Reached ****** piety under Trog
  1478 | D        | Noticed a jumping spider
  1479 | D        | Noticed a redback
  1484 | D        | Killed a redback
  1486 | D        | Killed a jumping spider
  1486 | D        | Reached skill level 12 in Axes
  1486 | D        | Reached XP level 9. HP: 65/65 MP: 3/9
  1539 | D        | Noticed Gastronok
  1554 | D        | Killed Gastronok
  1554 | D        | Reached skill level 14 in Axes
  1554 | D        | Reached skill level 1 in Stealth
  1554 | D        | Reached XP level 10. HP: 73/73 MP: 3/10
  1554 | D        | Received a gift from Trog
  1632 | D        | Noticed a black mamba
  1640 | D        | Killed a black mamba
  1702 | D        | Noticed a deep troll
  1708 | D        | Killed a deep troll
  1708 | D        | Reached skill level 15 in Axes
  1724 | D        | Received a gift from Trog
  1774 | D        | Noticed a minotaur
  1781 | D        | Killed a minotaur
  1781 | D        | Reached skill level 16 in Axes
  1849 | D        | Received a gift from Trog
  1850 | D        | Noticed a two-headed ogre
  1871 | D        | Killed a two-headed ogre
  1871 | D        | Reached XP level 11. HP: 66/80 MP: 3/11
  2074 | D        | Noticed a deep troll
  2077 | D        | Noticed a deep troll
  2080 | D        | Killed a deep troll
  2082 | D        | Received a gift from Trog
  2087 | D        | Reached skill level 17 in Axes
  2090 | D        | Killed a deep troll
  2090 | D        | Received a gift from Trog
  2098 | D        | Noticed an eight-headed hydra
  2100 | D        | Killed an eight-headed hydra
  2100 | D        | Received a gift from Trog
  2126 | D        | Noticed a minotaur
  2132 | D        | Killed a minotaur
  2132 | D        | Reached skill level 15 in Fighting
  2446 | D        | Got the ring of Juver {rPois MR- Str+2 Stlth+}
  2523 | D        | Noticed a vampire mage
  2537 | D        | Killed a vampire mage
  2537 | D        | Reached skill level 10 in Armour
  2543 | D        | Killed a shadow wraith
  2543 | D        | Received a gift from Trog
  2543 | D        | Reached skill level 18 in Axes
  2610 | D        | Noticed a two-headed ogre
  2612 | D        | Noticed a two-headed ogre
  2614 | D        | Noticed an ogre mage
  2616 | D        | Noticed a two-headed ogre
  2616 | D        | Killed a two-headed ogre
  2617 | D        | Noticed a two-headed ogre
  2619 | D        | Noticed a two-headed ogre
  2620 | D        | Noticed a two-headed ogre
  2621 | D        | Killed a two-headed ogre
  2626 | D        | Reached XP level 12. HP: 88/88 MP: 4/12
  2631 | D        | Killed a two-headed ogre
  2631 | D        | Killed a two-headed ogre
  2631 | D        | Received a gift from Trog
  2636 | D        | Killed a two-headed ogre
  2636 | D        | Reached skill level 19 in Axes
  2637 | D        | Killed a two-headed ogre
  2648 | D        | Killed an ogre mage
  2930 | D        | Received a gift from Trog
  3044 | D        | Noticed an orb of fire
  3044 | D        | Gained mutation: Armour fits poorly on your strangely shaped body. [an orb of fire]
  3048 | D        | Killed from afar by an orb of fire

Skill      XL: |  1  2  3  4  5  6  7  8  9 10 11 12 |
---------------+-------------------------------------+-----
Axes           | 3 4 5 6 7 9 10 12 14 16 18 19 | 19.5
Fighting       | 4 5 6 7 8 10 11 12 13 14 16 17 | 17.5
Armour         | 3 4 5 6 8 11 12 | 12.3
Dodging        | 2 3 4 5 6 7 8 9 |  9.1
Stealth        | 1 2 3 4 |  4.4

Action                   |  1- 3 |  4- 6 |  7- 9 | 10-12 || total
-------------------------+-------+-------+-------+-------++-------
Melee: Hand axe          |    18 |    22 |    12 |       ||    52
       Battleaxe         |       |       |    25 |    90 ||   115
       Executioner's axe |       |       |       |    42 ||    42
Invok: Berserk           |     3 |     2 |     5 |     9 ||    19
       Brothers in Arms  |       |       |       |     3 ||     3
  Use: Potion            |       |       |       |     1 ||     1
  Eat: Chunk             |     1 |     3 |     5 |     8 ||    17
       Ration            |       |       |     1 |     2 ||     3
Armor: Animal skin       |     6 |     8 |     1 |       ||    15
       Chain mail        |       |       |    11 |   116 ||   127
Dodge: Dodged            |    17 |    12 |    12 |   110 ||   151
